 Dungeon Crawl Stone Soup version 0.32-a0-411-g744942f433 (webtiles) character file.

Game seed: 9105458018017550110

1996232 Sobieck the Acrobat (level 27, 230/230 (232) HPs)
             Began as a Coglin Hexslinger on Feb 20, 2024.
             Was a High Priest of Okawaru.
             Escaped with the Orb
             ... and 3 runes!
             The game lasted 02:00:24 (52408 turns).

Sobieck the Acrobat (Coglin Hexslinger)            Turns: 52408, Time: 02:00:25

HP:   230/230 (232) AC: 23    Str:  9    XL:     27
MP:   57/57         EV: 47    Int: 17    God:    Okawaru [*****.]
Gold: 5295          SH:  0    Dex: 42    Spells: 48/58 levels left

rFire   + + +        f - +9 hand cannon (freeze) {god gift, Oma}
rCold   + . .        X - +5 hand cannon (elec) {Albrecht}
rNeg    . . .        L - +5 moon troll leather armour {Spirit, Regen++ MP+5}
rPois   +            Y - +3 crown of Dyrovepreva {rElec Int+2 SInv}
rElec   +            q - +0 cloak of Domnotip {rF+ rC+ Int-2 Dex+6}
rCorr   .            b - +0 pair of gloves "Vise" {+Blink rF++ MP+9 Stlth-}
SInv    +            P - +3 pair of boots of Tempters {rPois Str+6}
Will    +++..        a - amulet of magic regeneration
Stlth   +            W - +6 ring of dexterity
HPRegen 2.18/turn    m - ring of willpower
MPRegen 0.75/turn

%: guardian spirit
@: studying 2 skills, lightly drained
A: off-hand wielding, slow wielding, warmup strikes, legs shutdown, iridescent
scales 1, clever 1, poison resistance, weak 2
0: Orb of Zot
}: 3/15 runes: serpentine, barnacled, silver
a: Renounce Religion, Evoke Blink, Heroism, Finesse, Duel


You escaped.
You worshipped Okawaru.
Okawaru was extremely pleased with you.
You visited 11 branches of the dungeon, and saw 51 of its levels.
You also visited: Ossuary, Ice Cave and Wizlab.

You collected 7900 gold pieces.
You spent 2605 gold pieces at shops.

Inventory:

Hand Weapons
 f - a +9 hand cannon of freezing (weapon) {god gift, Oma}
 I - the +9 hand cannon of Annoyance {antimagic, rF++ Dex+3 SInv}
   (You found it on level 4 of the Shoals)

   Dex+3:     It affects your dexterity (+3).
   rF++:      It greatly protects you from fire.
   SInv:      It lets you see invisible.
 J - a +0 hand cannon of draining
 X - a +5 hand cannon of electrocution (offhand) {Albrecht}
Missiles
 Z - 10 throwing nets
Armour
 b - the +0 pair of gloves "Vise" (worn) {+Blink rF++ MP+9 Stlth-}
   (You acquired it on level 2 of the Lair of Beasts)

   rF++:      It greatly protects you from fire.
   MP+9:      It affects your magic capacity (+9).
   +Blink:    It lets you blink.
   Stlth-:    It makes you less stealthy.
 q - the +0 cloak of Domnotip (worn) {rF+ rC+ Int-2 Dex+6}
   (You found it on level 5 of the Vaults)

   Int-2:     It affects your intelligence (-2).
   Dex+6:     It affects your dexterity (+6).
   rF+:       It protects you from fire.
   rC+:       It protects you from cold.
 L - the +5 moon troll leather armour (worn) {Spirit, Regen++ MP+5}
   (You took it off a skeletal warrior on level 11 of the Dungeon)

   MP+5:      It affects your magic capacity (+5).
   Regen++:   It increases your rate of health regeneration.
 P - the +3 pair of boots of Tempters (worn) {rPois Str+6}
   (You found it on level 12 of the Dungeon)

   Str+6:     It affects your strength (+6).
   rPois:     It protects you from poison
 Y - the +3 crown of Dyrovepreva (worn) {rElec Int+2 SInv}
   (You found it on level 2 of the Vaults)

   Int+2:     It affects your intelligence (+2).
   rElec:     It insulates you from electricity.
   SInv:      It lets you see invisible.
Jewellery
 a - an amulet of magic regeneration (around neck)
 c - a ring of protection from cold
 i - a ring of flight
 m - a ring of willpower (right grasper)
 y - a +4 ring of slaying
 F - a ring of magical power
 G - the ring "Kaladgh" {rN+ rCorr Dex+2 Slay-4}
   (You found it on level 5 of the Lair of Beasts)

   [ring of resist corrosion]

   Dex+2:     It affects your dexterity (+2).
   Slay-4:    It affects your accuracy & damage with ranged weapons and melee
   (-4).
   rN+:       It protects you from negative energy.
   rCorr:     It protects you from acid and corrosion.
 W - a +6 ring of dexterity (left grasper)
Wands
 e - a wand of mindburst (55)
 l - a wand of polymorph (29)
 w - a wand of roots (38)
 D - a wand of digging (15)
 S - a wand of acid (38)
Scrolls
 d - 10 scrolls of fog
 g - 8 scrolls of immolation
 n - 3 scrolls of silence {!r}
 p - 13 scrolls of blinking
 A - 5 scrolls of vulnerability
 B - 3 scrolls of revelation
 C - 9 scrolls of noise
 M - 6 scrolls of fear
 N - 10 scrolls of poison
 R - 33 scrolls of identify
 T - 26 scrolls of teleportation
 V - 12 scrolls of enchant armour
Potions
 h - 14 potions of attraction
 j - 9 potions of lignification
 k - 8 potions of ambrosia
 o - 6 potions of berserk rage
 r - 18 potions of heal wounds
 s - 7 potions of enlightenment
 t - 8 potions of mutation
 u - 4 potions of cancellation
 v - 8 potions of might
 z - 6 potions of magic
 E - 6 potions of invisibility
 H - 10 potions of haste
 K - 8 potions of resistance
 Q - 19 potions of curing
Miscellaneous
 x - a lightning rod (4/4)
 O - a condenser vane
 U - a phial of floods


   Skills:
 + Level 22.3 Fighting
 - Level 19.0 Ranged Weapons
 - Level 18.0 Armour
 - Level 23.0 Dodging
 - Level 16.0 Spellcasting
 - Level 8.0 Hexes
 - Level 8.0 Translocations
 - Level 0.8 Fire Magic
 - Level 14.0 Invocations
 - Level 12.0 Evocations


You had 48 spell levels left.
You knew the following spells:

 Your Spells              Type           Power      Damage    Failure   Level
a - Jinxbite              Hex            80%        N/A       1%          2
b - Cause Fear            Hex            20%        N/A       1%          4
c - Dimensional Bullseye  Hex/Tloc       20%        N/A       1%          4

Your spell library contained the following spells:

 Spells                   Type           Power      Damage    Failure   Level
 Apportation              Tloc           80%        N/A       1%          1
 Slow                     Hex            100%       N/A       1%          1
 Ensorcelled Hibernation  Hex/Ice        54%        N/A       1%          2
 Lesser Beckoning         Tloc           80%        N/A       1%          2
 Confusing Touch          Hex            40%        N/A       1%          3
 Gell's Gravitas          Tloc           40%        N/A       1%          3
 Sigil of Binding         Hex            40%        N/A       1%          3
 Teleport Other           Tloc           40%        N/A       1%          3
 Manifold Assault         Tloc           40%        N/A       1%          4
 Passage of Golubria      Tloc           40%        N/A       1%          4
 Inner Flame              Hex/Fire       28%        N/A       2%          3
 Dazzling Flash           Conj/Hex       54%        N/A       3%          3
 Kiss of Death            Conj/Necr      52%        2d9       5%          1
 Magic Dart               Conj           52%        1d5       5%          1
 Necrotise                Necr           52%        1d6       5%          1
 Shock                    Conj/Air       52%        1d6       5%          1
 Sting                    Conj/Alch      52%        1d6       5%          1
 Cigotuvi's Dreadful Rot  Necr/Alch/Air  26%        N/A       9%          2
 Mercury Vapours          Alch/Air       26%        N/A       9%          2
 Searing Ray              Conj           26%        2d5       9%          2
 Sublimation of Blood     Necr           13%        N/A       9%          2
 Anguish                  Hex/Necr       13%        N/A       11%         4
 Iskenderun's Mystic Bla  Conj/Tloc      27%        2d7       11%         4
 Vhi's Electric Charge    Tloc/Air       54%        N/A       11%         4
 Fugue of the Fallen      Necr           13%        N/A       17%         3
 Hailstorm                Conj/Ice       13%        3d6       17%         3
 Mephitic Cloud           Conj/Alch/Air  13%        N/A       17%         3
 Ozocubu's Armour         Ice            13%        N/A       17%         3
 Passwall                 Erth           13%        N/A       17%         3
 Swiftness                Air            13%        N/A       17%         3
 Vampiric Draining        Necr           13%        2d6       17%         3
 Metabolic Englaciation   Hex/Ice        13%        N/A       30%         5
 Silence                  Hex/Air        13%        N/A       30%         5
 Dispersal                Tloc           20%        N/A       32%         6
 Flame Wave               Conj/Fire      15%        2d7       43%         4
 Ignite Poison            Fire/Alch      15%        N/A       43%         4
 Sticky Flame             Fire/Alch      15%        2d5       43%         4
 Airstrike                Air            6%         2d(1-17)  50%         4
 Dispel Undead            Necr           13%        3d9       50%         4
 Fulminant Prism          Conj/Alch      6%         3d7       50%         4
 Olgreb's Toxic Radiance  Alch           13%        N/A       50%         4
 Petrify                  Alch/Erth      13%        N/A       50%         4
 Fireball                 Conj/Fire      7%         3d5       78%         5
 Alistair's Intoxication  Alch           8%         N/A       83%         5
 Arcjolt                  Conj/Air       6%         1d16      83%         5
 Borgnjor's Vile Clutch   Necr/Erth      6%         N/A       83%         5
 Curse of Agony           Necr           13%        N/A       83%         5
 Freezing Cloud           Conj/Ice/Air   6%         6-21      83%         5
 Irradiate                Conj/Alch      6%         3d13      83%         5
 Iskenderun's Battlesphe  Conj           13%        2d7       83%         5
 Lee's Rapid Deconstruct  Erth           6%         3d6*      83%         5
 Enfeeble                 Hex            20%        N/A       87%         7
 Bombard                  Conj/Erth      6%         9d2       100%        6
 Eringya's Noxious Bog    Alch           6%         4d6       100%        6
 Plasma Beam              Fire/Air       7%         2x1d18    100%        6
 Orb of Destruction       Conj           6%         9d6       100%        7
 Ozocubu's Refrigeration  Ice            6%         4d8       100%        7
 Borgnjor's Revivificati  Necr           6%         N/A       100%        8
 Disjunction              Tloc           20%        N/A       100%        8
 Ignition                 Fire           8%         3d5       100%        8
 Lehudib's Crystal Spear  Conj/Erth      6%         10d3      100%        8
 Chain Lightning          Conj/Air       6%         3d8       100%        9
 Death's Door             Necr           6%         N/A       100%        9
 Fire Storm               Conj/Fire      7%         8d2       100%        9
 Polar Vortex             Ice            6%         N/A       100%        9
 Shatter                  Erth           6%         3d9*      100%        9
 Tukima's Dance           Hex            Unusable   N/A       N/A         3
 Summon Small Mammal      Summ           Unusable   N/A       N/A         1
 Call Imp                 Summ           Unusable   N/A       N/A         2
 Summon Ice Beast         Ice/Summ       Unusable   N/A       N/A         3
 Summon Blazeheart Golem  Fire/Summ      Unusable   N/A       N/A         4
 Animate Armour           Summ/Erth      Unusable   N/A       N/A         4
 Martyr's Knell           Necr/Summ      Unusable   N/A       N/A         4
 Summon Lightning Spire   Summ/Air       Unusable   N/A       N/A         4
 Death Channel            Necr           Unusable   N/A       N/A         6
 Sculpt Simulacrum        Ice/Alch       Unusable   N/A       N/A         6
 Summon Cactus Giant      Summ           Unusable   N/A       N/A         6
 Haunt                    Necr/Summ      Unusable   N/A       N/A         7
 Malign Gateway           Summ/Tloc      Unusable   N/A       N/A         7
 Spellforged Servitor     Conj/Summ      Unusable   N/A       N/A         7
 Summon Hydra             Summ           Unusable   N/A       N/A         7
 Dragon's Call            Summ           Unusable   N/A       N/A         9

Dungeon Overview and Level Annotations

Branches:
Dungeon (15/15)            Temple (1/1) D:4            Lair (5/5) D:8
 Shoals (4/4) Lair:2        Snake (4/4) Lair:3        Slime (0/5) Lair:5
    Orc (2/2) D:11            Elf (3/3) Orc:2        Vaults (5/5) D:13
  Crypt (3/3) Vaults:2       Tomb (0/3) Crypt:3      Depths (4/4) D:15
    Zot (5/5) Depths:4    Ossuary (visited)           IceCv (visited)
 WizLab (visited)

Altars:
Ashenzari
Cheibriados
Dithmenos
Elyvilon
Fedhas
Gozag
Hepliaklqana
Kikubaaqudgha
Makhleb
Nemelex Xobeh
Okawaru
Qazlal
Ru
Sif Muna
Trog
Uskayaw
Vehumet
Wu Jian
Xom
Yredelemnul
Zin
The Shining One
Beogh

Shops:
D:8 [   D:12 :   Orc:2 *([:*[?*(   Elf:1 :   Elf:2 [[*[(   Elf:3 ?:=:
Shoals:3 [(   Snake:4 :   Vaults:2 (   Vaults:4 !   Depths:4 *

Portals:
Hell: Depths:1 Depths:2 Depths:3 Depths:4
Abyss: Depths:3
Pandemonium: Depths:1 Depths:2 Depths:3 Depths:4
Ziggurat: Depths:4

Annotations:
D:8 1 runed translucent door, cordlesssteve's ghost, novice CoWr
Snake:3 1 runed translucent door, Oshruh's ghost, adept GrFi
Elf:2 3 runed translucent doors
Vaults:5 !DONOTGO
Zot:2 1 transporter


Innate Abilities, Weirdness & Mutations

You can wield a second weapon in your off-hand.
It takes a long time for you to wield or remove held weapons.
Your first few attacks do less damage.
Attacking and casting redirects power from your legs.
You are partially covered in iridescent scales. (AC +2)
Your mind is acute. (Int +4, Str/Dex -1)
Your system is resistant to poisons. (rPois)
You are very weak. (Str -4)


Message History

You shoot a bolt. The bolt hits the Ice Fiend!!!
You kill the Ice Fiend!
Okawaru accepts your kill.
You shoot a bolt.
No target in view!
No target in view!
What level of the Dungeon? (default 1, ? - help) HP restored.
There is a stone staircase leading up here.
You climb upwards.
There is a stone staircase leading down here.
There is an open door here.
An Orb Guardian comes into view.
Danger!
You shoot a bolt.
The bolt hits the Orb Guardian but does no damage.
You shoot a bolt. The bolt hits the Orb Guardian!
The Orb Guardian is lightly wounded.
You shoot a bolt.
The bolt hits the Orb Guardian but does no damage.
The Orb Guardian is lightly wounded.
You shoot a bolt. The bolt misses the Orb Guardian.
You shoot a bolt. The bolt hits the Orb Guardian!
The bolt freezes the Orb Guardian!
The Orb Guardian is heavily wounded.
You shoot a bolt.
The bolt hits the Orb Guardian but does no damage.
Lightning courses through the Orb Guardian!
The Orb Guardian is severely wounded.
You shoot a bolt.
The bolt barely misses the Orb Guardian.
You shoot a bolt. The bolt hits the Orb Guardian!
The bolt freezes the Orb Guardian.
The Orb Guardian is almost dead.
The Orb Guardian hits you!!
You shoot a bolt. The bolt hits the Orb Guardian!!!
The bolt freezes the Orb Guardian.
You kill the Orb Guardian!
Okawaru accepts your kill.
You shoot a bolt.
A red devil comes into view. It is wielding a +0 trident.
Danger!
You shoot a bolt. The bolt hits the red devil!!
The bolt freezes the red devil!
You kill the red devil!
Okawaru accepts your kill.
You shoot a bolt.
No target in view!
No target in view!
There is a staircase leading out of the dungeon here.
You have escaped!

....).....##.## #.##...........#
...........##.## #...#.#.........
####.##.....##.###.#.#.#....#####
#..##..(..##.##.............#
##..##.....##.########....###
###.##.....##.............#
##.##.....#########....##
##.##..ß..............# ###
##.##...@............#### #.#
##.##..>.................. #.#
##.##.....#########........ #.#
###.##.....##...........##### #.#
#..##.....##.########..###### ..#
#.##.....##.##...............
..###.#.....##.###.###.#...######
...........##.## #.# #.#........#
#.##+#....##.#####.###.#.........


There were no monsters in sight!

Vanquished Creatures
  5 dread liches
  An ancient lich (Zot:5)
  8 orbs of fire
  A juggernaut (Depths:4)
  Sojobo (Crypt:1)
  Boris (twice) (Vaults:1 Depths:2)
  Bai Suzhen (Vaults:2)
  Vv (Crypt:1)
  7 Killer Klowns
  Saint Roka (Elf:2)
  2 antique champions (WizLab)
  4 curse toes
  Margery (Vaults:2)
  Nikola (Shoals:1)
  11 golden dragons
  Norris (Depths:1)
  3 doom hounds (Crypt:1)
  4 electric golems
  2 Ice Fiends
  18 tentacled monstrosities
  A hellephant (Vaults:2)
  7 liches
  Mlioglotl (Snake:2)
  26 Orb Guardians
  3 deep elf blademasters (Elf:3)
  A walking divine tome (Depths:2)
  Grunn (Crypt:1)
  9 quicksilver dragons
  7 titans (Vaults:5)
  6 ancient champions
  8 death cobs
  4 deep elf master archers (Elf:3)
  9 sphinxes
  7 shadow dragons
  20 storm dragons
  Kirke (D:13)
  8 tengu reavers
  A protean progenitor (Zot:3)
  Aizul (Snake:1)
  Donald (Lair:3)
  Agnes (D:15)
  Ilsuiw (Shoals:2)
  A nagaraja (Snake:4)
  3 draconian knights
  2 revenants (Crypt:3)
  Roxanne (D:15)
  4 draconian monks
  22 vault wardens
  8 deep elf sorcerers
  3 draconian scorchers
  7 frost giants
  7 draconian shifters
  10 fire giants
  4 iron dragons
  Louise (Elf:2)
  A juggernaut zombie (Crypt:3)
  2 balrugs
  3 ghost moths
  3 orc warlords
  5 curse skulls
  An angel (Zot:3)
  3 draconian stormcallers
  2 ghouls (Crypt:2)
  4 deep elf elementalists (Elf:3)
  14 stone giants
  5 very ugly things
  24 ironbound preservers
  A demonspawn blood saint (D:14)
  5 draconian annihilators
  14 vampire knights
  4 ironbound thunderhulks
  A juggernaut skeleton (Crypt:1)
  11 green draconians
  9 deep elf death magi
  5 dire elephants
  7 black draconians
  5 deep elf demonologists
  2 spark wasps (Depths:2)
  5 deep elf annihilators
  5 purple draconians
  4 war gargoyles (Vaults:5)
  12 red draconians
  6 yellow draconians
  Snorg (Lair:3)
  8 white draconians
  3 eidola
  10 jiangshi
  A blizzard demon (D:14)
  7 merfolk impalers
  7 ettins
  A green death (Depths:4)
  10 fire dragons
  3 entropy weavers
  5 merfolk javelineers
  6 deep elf high priests
  20 yaktaur captains
  5 great orbs of eyes
  A hydra (shapeshifter) (D:15)
  An acid blob zombie (Crypt:3)
  A spriggan zombie (Crypt:3)
  Harold (D:10)
  7 ice dragons
  42 vault guards
  A sphinx zombie (Crypt:2)
  6 rakshasas
  A death knight (Crypt:1)
  A peacekeeper (Vaults:4)
  A salamander tyrant (Snake:4)
  5 hydras
  21 centaur warriors
  9 ironbound frosthearts
  A spriggan air mage (Depths:2)
  2 catoblepae
  2 hell beasts
  A juggernaut simulacrum (WizLab)
  13 anacondas
  A radroach (shapeshifter) (Vaults:5)
  3 alligator snapping turtles (Shoals:4)
  15 dancing weapons
  2 boulder beetles
  A fenstrider witch skeleton (Crypt:1)
  5 merfolk avatars
  3 satyrs
  5 merfolk aquamancers
  7 two-headed ogres
  5 spriggan berserkers
  3 deep troll shamans
  23 naga warriors
  8 tengu warriors
  6 deep troll earth magi
  An orc high priest (Orc:2)
  11 vampire magi
  A shock serpent (shapeshifter) (Vaults:5)
  4 storm dragon zombies
  12 naga sharpshooters
  11 death yaks
  7 shock serpents
  10 hell knights
  9 deep elf knights
  7 skysharks
  Sonja (Lair:5)
  2 iron trolls (Depths:1)
  A sun demon (Depths:1)
  6 salamander mystics
  A titan skeleton (Crypt:1)
  14 sea snakes
  64 deep trolls
  31 skeletal warriors
  7 golden dragon zombies
  An anaconda zombie (Crypt:3)
  A spark wasp zombie (Depths:1)
  A glowing orange brain (shapeshifter) (Vaults:5)
  A shadow demon (Zot:3)
  11 deep elf archers
  2 death drakes (shapeshifter) (Vaults:5)
  5 flayed ghosts
  2 bog bodies (Crypt:2)
  5 mana vipers (Snake:4)
  A naga ritualist (Snake:4)
  10 glowing orange brains
  11 arcanists
  16 ironbound convokers
  21 phantasmal warriors
  15 lindwurms
  A golden dragon skeleton (WizLab)
  8 necromancers
  An alligator zombie (Crypt:2)
  19 deep elf pyromancers
  An obsidian statue (D:15)
  A shadow dragon zombie (Crypt:2)
  8 harpies
  27 deep elf zephyrmancers
  An iron giant skeleton (Crypt:1)
  An oklob plant (Lair:5)
  12 orc knights
  28 ugly things
  3 stone giant zombies
  4 orc sorcerers (Orc:2)
  22 manticores
  3 cyclopes
  15 fauns
  A frost giant skeleton (Depths:1)
  A fire giant zombie (Depths:1)
  34 moths of wrath
  8 elephants
  A stone giant skeleton (WizLab)
  13 merfolk sirens
  2 kobold blastminers (Orc:2)
  2 rust devils
  A naga zombie (Crypt:3)
  20 salamanders
  7 water nymphs
  11 naga magi
  29 black mambas
  3 orange demons (Orc:1)
  A torpor snail (Lair:3)
  15 guardian serpents
  An ice statue (IceCv)
  A gargoyle (D:13)
  17 vault sentinels
  A smoke demon (Depths:3)
  A hellion (D:7)
  13 cane toads
  A komodo dragon (shapeshifter) (Vaults:5)
  A yaktaur (shapeshifter) (Vaults:5)
  13 komodo dragons
  2 minotaur skeletons
  8 tengu conjurers
  7 freezing wraiths
  Psyche (D:12)
  A red devil (D:1)
  A tormentor (Depths:1)
  6 rime drakes
  24 yaktaurs
  An orb spider zombie (Crypt:2)
  An ice devil (Depths:4)
  4 guardian mummies (Crypt:3)
  A harpy zombie (Crypt:3)
  9 trolls
  A troll (shapeshifter) (D:14)
  15 polar bears
  31 merfolk
  A queen bee (shapeshifter) (D:11)
  7 wind drakes
  A harpy skeleton (Crypt:2)
  9 hornets
  2 glass eyes
  A hydra skeleton (Crypt:3)
  12 dream sheep
  A guardian serpent zombie (Crypt:1)
  10 blink frogs
  A boulder beetle zombie (Crypt:2)
  29 slime creatures
  2 stone giant simulacra (WizLab)
  3 centaur simulacra
  11 snapping turtles
  An ettin zombie (Vaults:4)
  A jumping spider (Vaults:3)
  2 air elementals (Elf:1)
  2 ettin skeletons (Vaults:4)
  A fire dragon skeleton (Crypt:2)
  17 water elementals
  79 yaks
  13 spriggans
  22 vampires
  2 wyverns
  A ynoxinul (Depths:4)
  10 basilisks
  A human (D:13)
  2 golden eyes (Depths:4)
  8 wraiths
  2 hogs (D:13)
  3 redbacks
  10 vampire mosquitoes
  A redback (shapeshifter) (Depths:2)
  4 wargs
  A chaos spawn (Zot:3)
  A warg (shapeshifter) (Depths:2)
  A harpy simulacrum (Crypt:2)
  A two-headed ogre zombie (WizLab)
  35 nagas
  A steam dragon (Lair:3)
  Duvessa (D:7)
  An acid dragon (D:10)
  A cane toad zombie (Crypt:2)
  11 water moccasins
  8 hell hounds
  30 orc warriors
  A meliai simulacrum (D:12)
  6 black bears
  13 laughing skulls
  4 ice beasts
  2 sky beasts
  An elephant zombie (D:7)
  An elf simulacrum (Vaults:4)
  A black bear (shapeshifter) (Elf:3)
  2 ettin simulacra
  10 ogres
  A snapping turtle skeleton (Crypt:3)
  A hog zombie (Crypt:3)
  4 boggarts (Lair:5)
  58 wolves
  A torpor snail zombie (Crypt:2)
  12 centaurs
  3 elf zombies
  2 kobold brigands
  13 bullfrogs
  7 scorpions
  2 earth elementals (Elf:1)
  A yaktaur skeleton (Crypt:3)
  A cyclops zombie (WizLab)
  A gnoll sergeant (D:6)
  2 two-headed ogre simulacra (WizLab)
  9 wights
  A cyclops skeleton (WizLab)
  Dowan (D:7)
  2 human simulacra (Vaults:4)
  3 killer bees (D:9)
  3 vampire bats (Orc:1)
  A polar bear skeleton (Crypt:3)
  2 electric eels
  4 howler monkeys
  3 bombardier beetles
  4 centaur zombies
  4 human zombies
  8 hounds
  2 jellies (D:6)
  26 orc priests
  Terence (D:2)
  Jessica (D:3)
  2 iguanas
  32 orc wizards
  2 sleepcaps
  Natasha (D:2)
  2 scorpion zombies (D:7)
  2 ogre zombies (D:7)
  6 hound zombies
  4 mummies (Ossuary)
  2 howler monkey zombies (D:7)
  8 gnolls
  6 adders
  18 white imps
  An adder zombie (D:7)
  5 ribbon worms
  2 dart slugs
  63 orcs
  4 ball pythons
  9 bats
  7 endoplasms
  4 giant cockroaches
  2 gnoll zombies (Ossuary)
  15 goblins
  10 hobgoblins
  8 jackals
  20 kobolds
  2 quokkas (D:1)
  2 frilled lizards
  2 jackal zombies (Ossuary)
  2 orc zombies (Ossuary)
  9 rats
  2 rat zombies (Ossuary)
  An aspiring flesh (Zot:3)
2339 creatures vanquished.

Vanquished Creatures (others)
  An ancient lich (Zot:5)
  A deep elf zephyrmancer (Elf:1)
  A moth of wrath (Zot:3)
  A merfolk (Shoals:1)
4 creatures vanquished.

Grand Total: 2343 creatures vanquished

Notes
Turn   | Place    | Note
-------+----------+-------------------------------------------
     0 | D:1      | Sobieck the Coglin Hexslinger began the quest for the Orb.
     0 | D:1      | Reached XP level 1. HP: 15/15 MP: 2/2
   122 | D:1      | Reached XP level 2. HP: 21/21 MP: 3/3
   154 | D:1      | Learned a level 2 spell: Jinxbite
   158 | D:1      | Got Sif Muna's Catalogue of United Argyropoeia
   258 | D:1      | Reached XP level 3. HP: 26/26 MP: 4/4
   292 | D:1      | Reached skill level 3 in Hexes
  1045 | D:2      | Reached XP level 4. HP: 33/33 MP: 3/6
  1126 | D:2      | Reached skill level 3 in Ranged Weapons
  1160 | D:2      | Noticed Terence
  1169 | D:2      | Killed Terence
  1170 | D:2      | Reached XP level 5. HP: 38/38 MP: 4/7
  2055 | D:3      | Noticed Jessica
  2058 | D:3      | Killed Jessica
  2059 | D:3      | Reached XP level 6. HP: 46/46 MP: 9/9
  2456 | D:3      | Found a shimmering altar of Xom.
  2458 | D:3      | Found a broken altar of Ashenzari.
  2464 | D:3      | Found a sacrificial altar of Ru.
  2467 | D:3      | Found an ornate altar of the Wu Jian Council.
  2486 | D:3      | Found a sparkling altar of Nemelex Xobeh.
  2511 | D:3      | Noticed Natasha
  2848 | D:4      | Found a staircase to the Ecumenical Temple.
  2862 | Temple   | Entered the Ecumenical Temple
  2888 | Temple   | Became a worshipper of Warmaster Okawaru
  2926 | D:4      | Found a basalt altar of Yredelemnul.
  3412 | D:4      | Reached skill level 3 in Fighting
  3809 | D:5      | Entered Level 5 of the Dungeon
  3890 | D:5      | Reached XP level 7. HP: 52/52 MP: 7/11
  4062 | D:5      | Reached * piety under Okawaru
  4063 | D:5      | Reached skill level 3 in Spellcasting
  4642 | D:5      | Reached XP level 8. HP: 60/60 MP: 12/12
  5024 | D:6      | Reached skill level 6 in Ranged Weapons
  5085 | D:6      | Reached ** piety under Okawaru
  5677 | D:7      | Noticed Duvessa
  5677 | D:7      | Noticed Dowan
  5742 | D:7      | Found a sand-covered staircase.
  5746 | Ossuary  | Entered an ossuary
  5766 | Ossuary  | Reached XP level 9. HP: 67/67 MP: 15/15
  6189 | D:7      | Found a basalt altar of Yredelemnul.
  6412 | D:7      | Reached *** piety under Okawaru
  6879 | D:7      | Killed Duvessa
  6884 | D:7      | Killed Dowan
  6885 | D:7      | Reached skill level 6 in Hexes
  7042 | D:8      | Noticed cordlesssteve's ghost (novice CoWr)
  7085 | D:8      | Found a runed translucent door.
  7109 | D:8      | Reached skill level 6 in Fighting
  7140 | D:8      | Reached XP level 10. HP: 69/77 MP: 14/17
  7159 | D:8      | Reached skill level 9 in Ranged Weapons
  7171 | D:8      | Noticed an elephant
  7468 | D:8      | Reached **** piety under Okawaru
  7523 | D:8      | Noticed an elephant
  7549 | D:8      | Killed an elephant
  7920 | D:8      | Killed an elephant
  7934 | D:8      | Identified the +3 flail "Quciroha" {drain, rC+ rN+ Str+4
                  | Int-2}
  7967 | D:8      | Found a staircase to the Lair.
  8075 | D:8      | Found Fuyd's Antique Armour Emporium.
  8084 | D:8      | Bought a jewelled leather armour for 196 gold pieces
  8084 | D:8      | Identified the +0 leather armour of Ceoguiq {Will+} (You
                  | bought it in a shop on level 8 of the Dungeon)
  8084 | D:8      | Bought a pair of runed gloves for 210 gold pieces
  8753 | D:9      | Reached skill level 1 in Evocations
  8817 | D:9      | Found an opulent altar of Gozag.
  8886 | D:9      | Noticed a two-headed ogre
  8895 | D:9      | Killed a two-headed ogre
  8895 | D:9      | Reached ***** piety under Okawaru
  8896 | D:9      | Reached XP level 11. HP: 87/87 MP: 15/19
  8933 | D:9      | Reached skill level 3 in Evocations
  9716 | D:10     | Entered Level 10 of the Dungeon
 10035 | D:10     | Noticed Harold
 10045 | D:10     | Killed Harold
 10313 | D:10     | Reached skill level 6 in Spellcasting
 11046 | D:11     | Noticed a cyclops
 11054 | D:11     | Killed a cyclops
 11055 | D:11     | Reached skill level 9 in Fighting
 11117 | D:11     | Noticed a two-headed ogre
 11122 | D:11     | Killed a two-headed ogre
 11126 | D:11     | Noticed a manticore
 11133 | D:11     | Killed a manticore
 11264 | D:11     | Noticed a skeletal warrior
 11355 | D:11     | Reached skill level 6 in Evocations
 11382 | D:11     | Noticed a two-headed ogre
 11390 | D:11     | Killed a two-headed ogre
 11490 | D:11     | Reached XP level 12. HP: 87/96 MP: 18/21
 11524 | D:11     | Found a staircase to the Orcish Mines.
 11700 | D:2      | Killed Natasha
 11701 | D:2      | Reached skill level 12 in Ranged Weapons
 12162 | D:11     | Noticed a two-headed ogre
 12168 | D:11     | Killed a two-headed ogre
 12696 | D:12     | Identified the +3 pair of boots of Tempters {rPois Str+6}
 12744 | D:12     | Noticed a two-headed ogre
 12748 | D:12     | Killed a two-headed ogre
 12748 | D:12     | Received a gift from Okawaru
 12776 | D:12     | Noticed Psyche
 12855 | D:12     | Killed Psyche
 12921 | D:12     | Found an ornate altar of the Wu Jian Council.
 12978 | D:12     | Noticed a two-headed ogre
 12987 | D:12     | Killed a two-headed ogre
 13154 | D:12     | Received a gift from Okawaru
 13184 | D:12     | Found Gyenid's Book Shoppe.
 13562 | D:13     | Reached skill level 2 in Dodging
 13615 | D:13     | Received a gift from Okawaru
 13616 | D:13     | Reached skill level 3 in Dodging
 13670 | D:13     | Noticed a vault guard
 13670 | D:13     | Noticed a vault guard
 13695 | D:13     | Noticed a vault guard
 13703 | D:13     | Killed a vault guard
 13705 | D:13     | Killed a vault guard
 13706 | D:13     | Reached skill level 4 in Dodging
 13706 | D:13     | Reached XP level 13. HP: 103/104 MP: 22/22
 13706 | D:13     | Noticed a vault guard
 13713 | D:13     | Killed a vault guard
 13730 | D:13     | Noticed a vault guard
 13731 | D:13     | Noticed a vault guard
 13734 | D:13     | Killed a vault guard
 13742 | D:13     | Killed a vault guard
 13746 | D:13     | Noticed a vault guard
 13755 | D:12     | Killed a vault guard
 13756 | D:12     | Reached skill level 5 in Dodging
 13875 | D:13     | Killed a vault guard
 13875 | D:13     | Reached ****** piety under Okawaru
 13875 | D:13     | Received a gift from Okawaru
 13876 | D:13     | Acquired a +4 hand cannon of freezing {god gift}
 13876 | D:13     | Received a gift from Okawaru
 13890 | D:13     | Acquired a +0 helmet of see invisible {god gift}
 13890 | D:13     | Received a gift from Okawaru
 13904 | D:13     | Noticed a vault guard
 13910 | D:13     | Killed a vault guard
 13924 | D:13     | Found a gate to the Vaults.
 14070 | D:13     | Noticed Kirke
 14071 | D:13     | Reached skill level 6 in Dodging
 14075 | D:13     | Killed Kirke
 14139 | D:13     | Reached skill level 12 in Fighting
 14343 | D:14     | Received a gift from Okawaru
 14395 | D:14     | Reached skill level 7 in Dodging
 14395 | D:14     | Reached skill level 1 in Invocations
 14475 | D:14     | Identified the +2 robe "Uloburph" {-Tele ^Contam rC+ Dex+7}
 14479 | D:14     | Noticed a green very ugly thing
 14483 | D:14     | Killed a green very ugly thing
 14491 | D:14     | Received a gift from Okawaru
 14492 | D:14     | Reached XP level 14. HP: 103/116 MP: 21/23
 14592 | D:14     | Found the +3 salamander hide armour {Flames, rFlCloud rF++
                  | rC--}
 14907 | D:14     | Received a gift from Okawaru
 15273 | D:15     | Entered Level 15 of the Dungeon
 15336 | D:15     | Noticed Agnes
 15343 | D:15     | Killed Agnes
 15453 | D:15     | Received a gift from Okawaru
 15472 | D:15     | Found a staircase to the Depths.
 15627 | D:15     | Reached skill level 3 in Invocations
 15841 | D:15     | Noticed Roxanne
 15852 | D:15     | Killed Roxanne
 16044 | D:15     | Reached skill level 8 in Dodging
 16045 | D:15     | Received a gift from Okawaru
 16279 | Lair:1   | Entered Level 1 of the Lair of Beasts
 16308 | Lair:1   | Reached skill level 15 in Ranged Weapons
 16412 | Lair:1   | Found a frozen archway.
 16427 | IceCv    | Entered an ice cave
 16441 | IceCv    | Reached XP level 15. HP: 123/123 MP: 25/25
 16629 | IceCv    | Received a gift from Okawaru
 16679 | IceCv    | Identified the +2 ring mail "Piodgho" {rN+}
 17104 | Lair:1   | Identified a scroll of acquirement
 17104 | Lair:1   | Acquired the +11 sling "Juala" {freeze, rPois rC+}
 17612 | Lair:2   | Identified the +6 shortbow of the Viper {speed, Will++
                  | Str+3}
 17634 | Lair:2   | Acquired the +0 pair of gloves "Vise" {+Blink rF++ MP+9
                  | Stlth-}
 17837 | Lair:2   | Found a staircase to the Shoals.
 18120 | Lair:2   | Received a gift from Okawaru
 18875 | Lair:3   | Noticed Snorg
 18879 | Lair:3   | Killed Snorg
 19003 | Lair:3   | Found a staircase to the Snake Pit.
 19331 | Lair:4   | Reached skill level 9 in Dodging
 19358 | Lair:4   | Received a gift from Okawaru
 19991 | Lair:5   | Entered Level 5 of the Lair of Beasts
 20027 | Lair:5   | Reached XP level 16. HP: 132/132 MP: 28/28
 20132 | Lair:5   | Identified the +1 buckler of Jothiah {rCorr}
 20148 | Lair:5   | Found a staircase to the Slime Pits.
 20202 | Lair:5   | Received a gift from Okawaru
 20562 | Lair:5   | Noticed Sonja
 20569 | Lair:5   | Killed Sonja
 20666 | Lair:5   | Got the Vellum of Cooperative Hoarfrost
 20670 | Lair:5   | Identified the ring "Kaladgh" {rN+ rCorr Dex+2 Slay-4}
 21480 | Orc:1    | Entered Level 1 of the Orcish Mines
 21639 | Orc:1    | Reached skill level 10 in Dodging
 21683 | Orc:1    | Received a gift from Okawaru
 21772 | Orc:1    | Found a roughly hewn altar of Beogh.
 22082 | Orc:2    | Entered Level 2 of the Orcish Mines
 22082 | Orc:2    | Found Reqiuqinih's Assorted Antiques.
 22559 | Orc:2    | Found a roughly hewn altar of Beogh.
 22559 | Orc:2    | Found Peafeiq's Book Shop.
 22618 | Orc:2    | Received a gift from Okawaru
 22690 | Orc:2    | Found a staircase to the Elven Halls.
 22761 | Orc:2    | Found Ehonen's General Store.
 22767 | Orc:2    | Bought a scroll of enchant weapon for 112 gold pieces
 22777 | Orc:2    | Found Vuxiosm's Antique Armour Shop.
 22829 | Orc:2    | Found Ugutag's Armour Boutique.
 22880 | Orc:2    | Found Deminow's Weapon Shoppe.
 22907 | Orc:2    | Found Qinid's Assorted Antiques.
 22926 | Orc:2    | Bought a scroll of enchant armour for 232 gold pieces
 23050 | Orc:2    | Found Jytiodi's Antique Weapon Shop.
 23118 | Orc:2    | Found Helergh's Magic Scroll Boutique.
 23121 | Orc:2    | Bought a scroll of enchant weapon for 127 gold pieces
 23362 | Snake:1  | Entered Level 1 of the Snake Pit
 23362 | Snake:1  | Noticed Donald
 23382 | Lair:3   | Killed Donald
 23505 | Snake:1  | Identified the serpent talisman of Joogry {Will+++ rCorr
                  | Dex-5}
 23505 | Snake:1  | Noticed Aizul
 23513 | Snake:1  | Killed Aizul
 23594 | Snake:1  | Reached XP level 17. HP: 140/140 MP: 29/29
 23677 | Snake:1  | Identified the +8 sling of Joyful Slaughter {flame, Fly
                  | rPois Dex-5}
 23905 | Snake:2  | Noticed Mlioglotl
 23910 | Snake:2  | Killed Mlioglotl
 23913 | Snake:2  | Received a gift from Okawaru
 24002 | Snake:2  | Reached skill level 15 in Fighting
 24296 | Snake:2  | Reached skill level 11 in Dodging
 24333 | Snake:2  | Reached skill level 18 in Ranged Weapons
 24563 | Snake:2  | Received a gift from Okawaru
 24931 | Snake:3  | Found a runed translucent door.
 24932 | Snake:3  | Found a shimmering altar of Xom.
 24932 | Snake:3  | Noticed Oshruh's ghost (adept GrFi)
 25121 | Snake:3  | Got Ryomes's Quarto of the Ossuary
 25266 | Snake:4  | Entered Level 4 of the Snake Pit
 25334 | Snake:4  | Received a gift from Okawaru
 25414 | Snake:4  | Received a gift from Okawaru
 25423 | Snake:4  | Found Illus's Book Boutique.
 26062 | Snake:4  | Reached XP level 18. HP: 151/151 MP: 30/30
 26087 | Snake:4  | Reached skill level 12 in Dodging
 26110 | Snake:4  | Received a gift from Okawaru
 26339 | Snake:4  | Received a gift from Okawaru
 26361 | Snake:4  | Got a serpentine rune of Zot
 26589 | Shoals:1 | Entered Level 1 of the Shoals
 26726 | Shoals:1 | Noticed Nikola
 26735 | Shoals:1 | Killed Nikola
 26793 | Shoals:1 | Reached skill level 13 in Dodging
 27143 | Shoals:2 | Noticed Ilsuiw
 27215 | Shoals:2 | Killed Ilsuiw
 27215 | Shoals:2 | Received a gift from Okawaru
 27921 | Shoals:3 | Received a gift from Okawaru
 27960 | Shoals:3 | Found Giosoth's Armour Shoppe.
 27978 | Shoals:3 | Reached XP level 19. HP: 159/161 MP: 31/31
 27983 | Shoals:3 | Reached skill level 1 in Armour
 28186 | Shoals:3 | Found Olioh's Weapon Shop.
 28263 | Shoals:3 | Reached skill level 14 in Dodging
 28290 | Shoals:3 | Reached skill level 3 in Armour
 28535 | Shoals:4 | Entered Level 4 of the Shoals
 28729 | Shoals:4 | Identified the +9 hand cannon of Annoyance {antimagic, rF++
                  | Dex+3 SInv}
 28858 | Shoals:4 | Received a gift from Okawaru
 28859 | Shoals:4 | Reached skill level 18 in Fighting
 28935 | Shoals:4 | Got a barnacled rune of Zot
 29307 | Shoals:4 | Identified the +4 mace of Seckoloypp {spect, rN+ MP+9}
 29704 | Elf:1    | Entered Level 1 of the Elven Halls
 29718 | Elf:1    | Reached skill level 9 in Evocations
 29733 | Elf:1    | Received a gift from Okawaru
 29842 | Elf:1    | Identified the scarf of Agnosticism {repulsion, *Slow rElec
                  | Int+5 Stlth+}
 29929 | Elf:1    | Found a magical portal.
 29939 | WizLab   | Entered Zonguldrok's Shrine
 29969 | WizLab   | Reached skill level 6 in Invocations
 30165 | WizLab   | Noticed an antique champion
 30165 | WizLab   | Noticed an antique champion
 30211 | WizLab   | Killed an antique champion
 30261 | WizLab   | Killed an antique champion
 30304 | WizLab   | Identified the +1 kite shield of Snakes and Ladders {rC+
                  | rCorr Str-2 Dex+5}
 30338 | WizLab   | Got Kikubaaqudgha's Incunable of Open Graves
 30340 | WizLab   | Identified the +13 chain mail of Pathos {+Inv rElec Int+4
                  | Stlth+}
 30601 | Elf:1    | Found Qihoid's Book Shoppe.
 30638 | Elf:1    | Reached XP level 20. HP: 160/166 MP: 32/32
 30668 | Elf:1    | Received a gift from Okawaru
 30968 | Elf:2    | Noticed Louise
 30981 | Elf:2    | Killed Louise
 31002 | Elf:2    | Found Ceidetudue's General Store.
 31004 | Elf:2    | Noticed Saint Roka
 31019 | Elf:2    | Killed Saint Roka
 31041 | Elf:2    | Reached skill level 15 in Dodging
 31046 | Elf:2    | Found Omuo's Antique Weapon Boutique.
 31046 | Elf:2    | Found Nuehinir's Antique Armour Shop.
 31051 | Elf:2    | Found Wuacuthro's Armour Boutique.
 31102 | Elf:2    | Noticed a Tzitzimitl
 31123 | Elf:2    | Received a gift from Okawaru
 31192 | Elf:2    | Found Qewi's Antique Armour Boutique.
 31390 | Elf:2    | Found a runed translucent gate.
 31390 | Elf:2    | Found a runed translucent gate.
 31390 | Elf:2    | Found a runed translucent gate.
 31552 | Elf:3    | Entered Level 3 of the Elven Halls
 31601 | Elf:2    | Found an ancient bone altar of Kikubaaqudgha.
 31730 | Elf:3    | Identified the +6 plate armour of Integrity {Fly Str-3
                  | Stlth+}
 31796 | Elf:3    | Reached skill level 12 in Evocations
 31815 | Elf:3    | Received a gift from Okawaru
 31887 | Elf:3    | Found Xigreles's Book Shop.
 31887 | Elf:3    | Found Loyhyilu's Jewellery Shoppe.
 31888 | Elf:3    | Found Giudozo's Book Shop.
 31981 | Elf:3    | Found Voenez's Magic Scroll Boutique.
 31994 | Elf:3    | Bought a scroll of enchant weapon for 75 gold pieces
 32111 | Elf:3    | Bought a scroll of brand weapon for 95 gold pieces
 32219 | Orc:2    | Bought a scroll of brand weapon for 161 gold pieces
 32219 | Orc:2    | Bought a scroll of revelation for 127 gold pieces
 32489 | Elf:3    | Identified the +5 lajatang of Wode Tai {flame, rElec rPois
                  | rC+ Dex-5}
 32515 | Elf:3    | Noticed a Brimstone Fiend
 32600 | Elf:3    | Received a gift from Okawaru
 32675 | Elf:3    | Got Kyajog's Folio of the Wendigo
 32744 | Elf:3    | Identified the +11 sling of Bodily Humours {heavy, Dex+4}
 32747 | Elf:3    | Identified the +1 short sword of Ylobure {speed, Str+3
                  | Int+3}
 33023 | Vaults:1 | Entered Level 1 of the Vaults
 33044 | Vaults:1 | Reached XP level 21. HP: 181/181 MP: 33/33
 33044 | Vaults:1 | Received a gift from Okawaru
 33052 | Vaults:1 | Identified the +4 robe of Ywoamoj {Rampage *Corrode rPois}
 33054 | Vaults:1 | Noticed Boris
 33059 | Vaults:1 | Killed Boris
 33123 | Vaults:1 | Reached skill level 9 in Invocations
 33144 | Vaults:1 | You fall into a shaft and drop 1 floor!
 33157 | Vaults:2 | Noticed Margery
 33164 | Vaults:2 | Killed Margery
 33165 | Vaults:2 | Reached skill level 16 in Dodging
 33290 | Vaults:1 | Got the Incunable of Points
 33474 | Vaults:1 | Received a gift from Okawaru
 33481 | Vaults:1 | Reached skill level 1 in Translocations
 34060 | Vaults:1 | Reached skill level 3 in Translocations
 34168 | Vaults:2 | Learned a level 4 spell: Cause Fear
 34173 | Vaults:2 | Learned a level 4 spell: Dimensional Bullseye
 34252 | Vaults:2 | Received a gift from Okawaru
 34299 | Vaults:2 | Reached skill level 6 in Armour
 34461 | Vaults:2 | Found the +3 crown of Dyrovepreva {rElec Int+2 SInv}
 34607 | Vaults:2 | Found Xitutt's Antique Weapon Boutique.
 34677 | Vaults:2 | Noticed Bai Suzhen
 34684 | Vaults:2 | Killed Bai Suzhen
 34716 | Vaults:2 | Received a gift from Okawaru
 34902 | Vaults:2 | Found a staircase to the Crypt.
 34902 | Vaults:2 | Found an ancient bone altar of Kikubaaqudgha.
 34902 | Vaults:2 | Found a basalt altar of Yredelemnul.
 35146 | Vaults:3 | Reached XP level 22. HP: 190/190 MP: 34/34
 35378 | Vaults:3 | Reached skill level 17 in Dodging
 35385 | Vaults:3 | Reached skill level 6 in Translocations
 35393 | Vaults:3 | Received a gift from Okawaru
 36428 | Vaults:4 | Received a gift from Okawaru
 36672 | Vaults:4 | Reached skill level 18 in Dodging
 37075 | Vaults:4 | Found Atao's Distillery.
 37083 | Vaults:4 | Bought a potion of experience for 750 gold pieces
 37083 | Vaults:4 | Reached XP level 23. HP: 196/196 MP: 35/35
 37157 | Vaults:4 | Bought a potion of might for 60 gold pieces
 37157 | Vaults:4 | Bought a potion of curing for 45 gold pieces
 37157 | Vaults:4 | Bought a potion of haste for 150 gold pieces
 37157 | Vaults:4 | Bought a potion of invisibility for 120 gold pieces
 37288 | Crypt:1  | Entered Level 1 of the Crypt
 37318 | Crypt:1  | Received a gift from Okawaru
 37319 | Crypt:1  | Reached skill level 12 in Invocations
 37391 | Crypt:1  | Noticed Grunn
 37410 | Crypt:1  | Killed Grunn
 37449 | Crypt:1  | Noticed Vv
 37462 | Crypt:1  | Killed Vv
 37582 | Crypt:1  | Reached XP level 24. HP: 190/204 MP: 35/35
 37737 | Crypt:1  | Noticed Sojobo
 37748 | Crypt:1  | Killed Sojobo
 37754 | Crypt:1  | Received a gift from Okawaru
 38421 | Crypt:2  | Received a gift from Okawaru
 38816 | Crypt:3  | Entered Level 3 of the Crypt
 38946 | Crypt:3  | Found a staircase to the Tomb.
 38955 | Crypt:3  | Reached skill level 21 in Fighting
 38955 | Crypt:3  | Reached XP level 25. HP: 212/212 MP: 35/35
 38970 | Crypt:3  | Found an ancient bone altar of Kikubaaqudgha.
 39897 | Crypt:3  | Identified the ring "Buirull" {rN+ Dex+2}
 39936 | Crypt:3  | Identified the +0 hand axe of Internal Strife {heavy, rF++
                  | Int-5 Dex+3}
 39939 | Crypt:3  | Got the Papyrus of Left-Handed Deeds
 39977 | Crypt:3  | Reached skill level 9 in Armour
 40024 | Crypt:3  | Received a gift from Okawaru
 40205 | Crypt:3  | Identified the ring "Hubid" {rN+ Dex+4}
 40392 | Vaults:5 | Entered Level 5 of the Vaults
 40439 | Vaults:5 | Identified the +0 mace of Caolith {drain, rF+ Will++}
 40444 | Vaults:5 | Reached skill level 12 in Armour
 40508 | Vaults:5 | Identified the +3 leather armour "Obrocof" {Int+3}
 40544 | Vaults:5 | Identified the amulet "Vuivux" {Acrobat Rampage rF+}
 40548 | Vaults:5 | Reached XP level 26. HP: 224/224 MP: 35/35
 40555 | Vaults:5 | Noticed a dread lich
 40559 | Vaults:5 | Killed a dread lich
 40565 | Vaults:5 | Received a gift from Okawaru
 40672 | Vaults:5 | Identified the +0 cloak of Domnotip {rF+ rC+ Int-2 Dex+6}
 40901 | Vaults:5 | Reached skill level 15 in Armour
 40928 | Vaults:5 | Received a gift from Okawaru
 40928 | Vaults:5 | Noticed a dread lich
 40935 | Vaults:5 | Killed a dread lich
 41000 | Vaults:5 | Identified the +12 great sword "Azxouniz" {protect, *Noise
                  | +Blink rPois Dex+3}
 41066 | Vaults:5 | Identified the staff "Kuumm" {rPois Int+2 Alchemy}
 41212 | Vaults:5 | Got a silver rune of Zot
 41956 | Depths:1 | Entered Level 1 of the Depths
 41969 | Depths:1 | Received a gift from Okawaru
 42007 | Depths:1 | Noticed Norris
 42016 | Depths:1 | Killed Norris
 42054 | Depths:1 | Found a radiant altar of Vehumet.
 42324 | Depths:1 | Found a gateway to Hell.
 42469 | Depths:1 | Received a gift from Okawaru
 42485 | Depths:1 | Found a one-way gate leading to the halls of Pandemonium.
 42966 | Depths:2 | Reached XP level 27. HP: 231/231 MP: 35/35
 42970 | Depths:2 | Reached skill level 18 in Armour
 43092 | Depths:2 | Identified the +4 robe of Quantum Leap {rPois Slay+3}
 43092 | Depths:2 | Noticed Boris
 43099 | Depths:2 | Killed Boris
 43331 | Depths:2 | Reached skill level 19 in Dodging
 43349 | Depths:2 | Found an iron altar of Okawaru.
 43452 | Depths:2 | Received a gift from Okawaru
 44380 | Depths:3 | Found a one-way gate to the infinite horrors of the Abyss.
 44778 | Depths:4 | Entered Level 4 of the Depths
 44864 | Depths:4 | Reached skill level 20 in Dodging
 44976 | Depths:4 | Found a one-way gateway to a ziggurat.
 44985 | Depths:4 | Received a gift from Okawaru
 45012 | Depths:4 | Noticed a juggernaut
 45018 | Depths:4 | Killed a juggernaut
 45264 | Depths:4 | Found a gate to the Realm of Zot.
 45370 | Depths:4 | Found an opulent altar of Gozag.
 45372 | Depths:4 | Found Gozag's Platinum Reserve.
 46237 | Elf:3    | Bought a scroll of teleportation for 30 gold pieces
 46237 | Elf:3    | Bought a scroll of revelation for 75 gold pieces
 46237 | Elf:3    | Bought a scroll of fog for 40 gold pieces
 46591 | Zot:1    | Entered Level 1 of the Realm of Zot
 46647 | Zot:1    | Reached skill level 21 in Dodging
 47025 | Zot:1    | You fall into a shaft and drop 1 floor!
 47685 | Zot:2    | Received a gift from Okawaru
 47782 | Zot:1    | Reached skill level 22 in Dodging
 47946 | Zot:2    | Reached skill level 9 in Spellcasting
 48088 | Zot:2    | Found a transporter.
 48465 | Zot:3    | Noticed a dread lich
 48475 | Zot:3    | Received a gift from Okawaru
 48479 | Zot:3    | Killed a dread lich
 48611 | Zot:3    | Noticed an orb of fire
 48619 | Zot:3    | Gained mutation: Armour fits poorly on your strangely
                  | shaped body. [an orb of fire]
 48621 | Zot:3    | Killed an orb of fire
 48913 | Zot:3    | Noticed an orb of fire
 48925 | Zot:3    | Killed an orb of fire
 49027 | Zot:3    | Received a gift from Okawaru
 49067 | Zot:3    | Reached skill level 12 in Spellcasting
 49237 | Zot:3    | Noticed an orb of fire
 49245 | Zot:3    | Killed an orb of fire
 49644 | Zot:4    | Received a gift from Okawaru
 49679 | Zot:4    | Noticed an orb of fire
 50244 | Zot:5    | Entered Level 5 of the Realm of Zot
 50874 | Zot:5    | Noticed an ancient lich
 50881 | Zot:5    | Killed an ancient lich
 51087 | Zot:5    | Received a gift from Okawaru
 51170 | Zot:5    | Noticed an orb of fire
 51172 | Zot:5    | Gained mutation: You sometimes lose your temper in combat.
                  | [an orb of fire]
 51179 | Zot:5    | Killed an orb of fire
 51180 | Zot:5    | Reached skill level 15 in Spellcasting
 51202 | Zot:4    | Lost mutation: Armour fits poorly on your strangely shaped
                  | body. [potion of mutation]
 51202 | Zot:4    | Lost mutation: You sometimes lose your temper in combat.
                  | [potion of mutation]
 51202 | Zot:4    | Gained mutation: Your mind is acute. (Int +4, Str/Dex -1)
                  | [potion of mutation]
 51202 | Zot:4    | Gained mutation: Your system is resistant to poisons.
                  | (rPois) [potion of mutation]
 51202 | Zot:4    | Gained mutation: You are partially covered in iridescent
                  | scales. (AC +2) [potion of mutation]
 51242 | Zot:5    | Noticed an ancient lich
 51248 | Zot:5    | Killed an ancient lich
 51302 | Zot:5    | Noticed an orb of fire
 51304 | Zot:5    | Noticed an orb of fire
 51309 | Zot:5    | Killed an orb of fire
 51311 | Zot:5    | Gained mutation: You are weak. (Str -2) [an orb of fire]
 51313 | Zot:5    | Gained mutation: You are very weak. (Str -4) [an orb of
                  | fire]
 51314 | Zot:5    | Killed an orb of fire
 51447 | Zot:5    | Noticed a dread lich
 51459 | Zot:5    | Killed a dread lich
 51459 | Zot:5    | Received a gift from Okawaru
 51509 | Zot:5    | Noticed an orb of fire
 51509 | Zot:5    | Noticed a dread lich
 51513 | Zot:5    | Killed a dread lich
 51518 | Zot:5    | Killed an orb of fire
 51616 | Zot:5    | Noticed an orb of fire
 51622 | Zot:5    | Killed an orb of fire
 51795 | Zot:5    | Received a gift from Okawaru
 51805 | Zot:5    | Reached skill level 23 in Dodging
 51819 | Zot:5    | Got the Orb of Zot
 51825 | Zot:5    | Noticed Qyussol the pandemonium lord
 52408 | D:$      | Escaped with the Orb!

Illustrated notes

Levels and vault maps discovered:
D:1:      psy_arrival_spokes, layout_basic
D:2:      layout_rooms, minmay_goblin_outpost, uniq_terence
D:3:      minmay_skewed_foursquare, layout_basic,
          minmay_overflow_temple_star_hex, uniq_natasha, uniq_jessica
D:4:      layout_loops_corners, mainiacjoe_overflow_catwalk,
          minmay_temple_entry_sparse_star
D:5:      layout_basic, minmay_diced_spiral
D:6:      layout_cave_pods
D:7:      layout_gridville, enter_ossuary_5, roadster_capsule_ark_zombie,
          uniq_duvessa
D:8:      layout_loops_ring, grunt_lair_entry_orc_guard_hut,
          hellmonk_ghost_big_iron, serial_shops, shop
D:9:      layout_loops_ring, mainiacjoe_overflow_tiny_flanked
D:10:     layout_stronghold, uniq_harold
D:11:     layout_loops_ring, hiddenorc1_lemuel, minmay_diamond_spiral
D:12:     layout_stronghold, serial_shops, shop, serial_ice, serial_ice_h,
          serial_ice_b, serial_ice_k, serial_ice_a, serial_ice_m, serial_ice_o,
          nicolae_wu_jian_wuxing_cycle, uniq_psyche
D:13:     layout_basic, erik_vaults_2, uniq_kirke
D:14:     minmay_the_grid_octo_triangle [minmay_the_grid_octo_tetromino_candy,
          minmay_the_grid_octo_prize_star, minmay_the_grid_octo_odd_swirl],
          layout_stronghold
D:15:     hangedman_depths_entry_try_elsewhere_first, layout_layer_cave,
          grunt_decor_arrowhead, minmay_misc_feat_room, minivault_16,
          uniq_agnes, uniq_roxanne
Temple:   nicolae_temple_superstar
Lair:1:   layout_chaotic_city, portal_ice_cave_entry_imps, serial_bayou_shore_a
Lair:2:   layout_small_grid, elwin_shoals_entry_rooms,
          infiniplex_staircase_pool_2
Lair:3:   layout_chaotic_city, nicolae_snake_entry_squirm,
          chequers_serial_rivers_micro_d, grunt_megastairs_4, uniq_snorg
Lair:4:   layout_regular_city, chequers_serial_rivers_marsh,
          infiniplex_staircase_pool, grunt_megastairs_5
Lair:5:   minmay_lair_end_enchanted_forest, layout_layer_cave, slime_entry_1,
          nicolae_volcano_entry_lava_flow, minmay_lair_oklob_bushes,
          grunt_megastairs_1, uniq_sonja
Shoals:1: layout_shoals, uniq_nikola
Shoals:2: layout_shoals, uniq_ilsuiw
Shoals:3: cheibrodos_shoals_baths, layout_shoals, serial_shops,
          nicolae_shop_behind_doors, nicolae_shop_competitors_out_of_business,
          nicolae_splish_splash
Shoals:4: shoals_end_simple, layout_shoals,
          nicolae_shoals_the_drawing_of_the_three
Snake:1:  layout_misc_corridors, uniq_aizul, uniq_donald
Snake:2:  layout_gridlike, uniq_mlioglotl
Snake:3:  layout_rooms, ebering_ghost_xom, nicolae_snake_gridmaze_tees,
          nicolae_elevator_lobby_asterisk
Snake:4:  snake_pit_salamanders_mu, layout_cave_town, serial_shops,
          nicolae_shop_peninsula, lemuel_fruit_tree
Orc:1:    nicolae_orc_accident_2, layout_diamond_mine, roderic_batcave,
          nicolae_orc_stalacmites, einodemon_barbed_minivault
Orc:2:    grunt_orc_cross, layout_diamond_mine, serial_shops, shop, shop, shop,
          nicolae_shop_gibbet_a_chance, nicolae_shop_rolled_up
Elf:1:    layout_loops_cross, special_room [special_room_mythical_zoo],
          serial_shops, nicolae_shop_tiny_glass, infiniplex_enter_wizlab_water,
          kennysheep_underground_church
Elf:2:    nicolae_elf_blades_splatter_lattice [mumra_blade_entry_bloodbath],
          layout_gridlike, serial_shops, nicolae_shop_trees, minmay_shoptagon,
          lemuel_upstairs_altar, uniq_saint_roka, uniq_louise
Elf:3:    minmay_elf_hall, layout_loops_cross, serial_shops, shop,
          minmay_shop_grove
Vaults:1: nicolae_vaults_ninety_degrees, v_misc_19, ontoclasm_vaults_ring_small,
          v_pattern_3, nicolae_vaults_library_corner, layout_vaults_big_room,
          uniq_boris
Vaults:2: nicolae_vaults_layer_cake_slice, vaults_room_guarded_vault,
          nicolae_vaults_little_squares_1, ontoclasm_vaults_fault,
          nicolae_vaults_variable_pillar_hall_cross,
          nicolae_vaults_sesquioval_fish, vaults_dpeg_ring,
          hangedman_vaults_stream, ontoclasm_vaults_ligature, v_misc_23,
          minmay_crypt_entry_necro_gods, ontoclasm_vaults_gateway,
          nicolae_vaults_sesquioval_fish, nicolae_vaults_apartment_2,
          nicolae_vaults_tetromino_L_2, nicolae_vaults_sealed_display,
          layout_vaults_ring, serial_shops, shop, uniq_bai_suzhen, uniq_margery
Vaults:3: hangedman_vaults_stagger, vaults_room_door_hall,
          nicolae_vaults_wine_cellar, nicolae_vaults_little_ls,
          hangedman_vaults_corner, vaults_mumra_minichess, v_misc_1,
          vaults_dpeg_emergency_exit, layout_vaults_omnigrid
Vaults:4: nicolae_vaults_double_plus_3, nicolae_vaults_cornered_office,
          ontoclasm_vaults_ring_square, ontoclasm_vaults_hangar,
          nicolae_vaults_specimen_jars, nicolae_vaults_closet_pinwheel_4,
          nicolae_vaults_sesquioval_fish, nicolae_vaults_tetromino_T_2,
          nicolae_vaults_layer_cake_slice, nicolae_vaults_trapezoid_lopsided_3,
          hangedman_vaults_slither, nicolae_vaults_more_shelving_2,
          hangedman_vaults_snaps, vaults_room_stairs_pillars,
          nicolae_vaults_tetromino_Z_2, layout_vaults_omnibox, serial_shops,
          shop
Vaults:5
Crypt:1:  layout_gridlike, serial_library_hellmonk_open_square,
          serial_library_hellmonk_small_alcove, grunt_crypt_arrival_webbed,
          uniq_sojobo, uniq_vv, uniq_grunn
Crypt:2:  layout_chaotic_city
Crypt:3:  due_elkab, layout_chaotic_city, tomb_entry_simple_bobbens, basic_altar
Depths:1: layout_gridlike, rand_demon_pan_entry_8, hell_entry,
          kennysheep_path_1, fiery_altar_vehumet, uniq_norris
Depths:2: grunt_deathspiral_small, layout_honeycomb, hell_entry,
          chequers_serial_rivers_small_3, pan_entry, okawaru_ov_weapons_minmay
Depths:3: kennysheep_ambush_hall, layout_gridlike, abyss_entry_crystal,
          hangedman_coc_ice_floe, rand_demon_pan_entry_1,
          chequers_hall_statues_wall_a, solitary_fountain
Depths:4: evilmike_zot_entry_diamond, layout_gridville, enter_ziggurat_a,
          nicolae_two_hexagons, grunt_pan_entry_in_and_out, hell_entry,
          nicolae_gozag_zags_fifth_avenue
Zot:1:    layout_concentric_octagons, st_single_dragon_hoard_1
Zot:2:    layout_misc_corridors, st_stairs_7, grunt_ministairs_8,
          nicolae_diode_basic
Zot:3:    grunt_zot_stairs_mandelzot, layout_gridlike, hangedman_player_shredder
Zot:4:    layout_onion, skrybe_zot_glass_2, grunt_ministairs_10, nrook_zot_tub
Zot:5:    layout_twisted_circle, skrybe_zot_glass_3

Skill      XL: |  1  2  3  4  5  6  7  8  9 10 11 12 13 14 15 16 17 18 19 20 21 22 23 24 25 26 27 |
---------------+----------------------------------------------------------------------------------+-----
Ranged Weapons | 2 3 4 5 6 8 10 11 14 15 16 17 18 19 | 19.0
Hexes          | 3 4 5 6 7 8 |  8.0
Fighting       | 2 3 4 6 8 9 10 12 13 14 15 17 18 19 20 21 22 | 22.3
Spellcasting   | 2 3 4 5 6 7 8 16 | 16.0
Evocations     | 2 6 8 10 12 | 12.0
Dodging        | 4 7 8 9 10 11 13 14 15 16 18 23 | 23.0
Invocations    | 1 3 5 6 8 10 11 13 14 | 14.0
Armour         | 5 7 8 12 17 18 | 18.0
Translocations | 5 8 |  8.0
Fire Magic     | |  0.8

Action                     |  1- 3 |  4- 6 |  7- 9 | 10-12 | 13-15 | 16-18 | 19-21 | 22-24 | 25-27 || total
---------------------------+-------+-------+-------+-------+-------+-------+-------+-------+-------++-------
  Melee: Unarmed           |       |     3 |       |       |       |       |       |       |       ||     3
         Hand cannon       |       |       |       |       |       |       |       |       |     3 ||     3
   Fire: Sling             |    88 |   365 |   780 |  1104 |   709 |   945 |    84 |       |       ||  4075
         Hand cannon       |       |       |       |       |   625 |   945 |  1744 |  1114 |  3266 ||  7694
   Cast: Jinxbite          |     1 |     3 |     3 |    14 |     4 |       |       |       |       ||    25
         Cause Fear        |       |       |       |       |       |       |     1 |       |       ||     1
         Dimensional Bulls |       |       |       |       |       |       |       |     1 |     1 ||     2
 Invoke: Heroism           |       |       |     4 |    10 |     6 |     1 |     6 |     2 |    11 ||    40
         Receive Weapon    |       |       |       |       |     1 |       |       |       |       ||     1
         Receive Armour    |       |       |       |       |     1 |       |       |       |       ||     1
         Finesse           |       |       |       |       |       |     1 |     3 |     2 |    11 ||    17
    Use: Scroll            |       |       |    22 |     3 |     7 |     9 |    17 |     3 |    10 ||    71
         Potion            |       |       |     1 |     2 |       |       |     2 |     2 |     4 ||    11
 Armour: Robe              |    19 |     6 |       |       |       |       |       |       |       ||    25
         Leather armour    |       |     9 |    68 |   116 |       |       |       |       |       ||   193
         Skin              |       |     6 |   167 |       |       |       |       |       |       ||   173
         Troll leather arm |       |       |       |    21 |   220 |   155 |   199 |   124 |   272 ||   991
  Dodge: Dodged            |    31 |    50 |   129 |   148 |   279 |   251 |   410 |   300 |   890 ||  2488

Table legend: (Time is in decaauts)
 A = Elapsed time spent in this place.
 B = Non-inter-level travel time spent in this place.
 C = Inter-level travel time spent in this place.
 D = Time resting spent in this place.
 E = Time spent auto-exploring this place.
 F = Levels seen in this place.
 G = Mean time per level.
                   A        B        C        D        E       F      G
               +--------+--------+--------+--------+--------+-----+--------+
         Total |  52696 |  46401 |   6295 |   4333 |  31516 |  54 |  975.9 |
       Dungeon |  17214 |  14762 |   2452 |   2181 |   9603 |  15 | 1147.6 |
        Temple |     52 |      1 |     51 |      0 |      0 |   1 |   52.0 |
          Lair |   4740 |   4411 |    329 |    112 |   3523 |   5 |  948.0 |
        Shoals |   3171 |   2843 |    328 |    212 |   2037 |   4 |  792.8 |
     Snake Pit |   3042 |   2727 |    315 |    168 |   1994 |   4 |  760.5 |
  Orcish Mines |   2051 |   1578 |    473 |    189 |   1081 |   2 | 1025.5 |
   Elven Halls |   2705 |   2186 |    519 |     49 |   1591 |   3 |  901.7 |
        Vaults |   6044 |   5318 |    726 |     78 |   3899 |   5 | 1208.8 |
         Crypt |   3040 |   2737 |    303 |    274 |   1685 |   3 | 1013.3 |
        Depths |   3905 |   3473 |    432 |    103 |   2817 |   4 |  976.2 |
           Zot |   5356 |   4993 |    363 |    824 |   2716 |   5 | 1071.2 |
       Ossuary |    278 |    278 |      0 |     28 |     93 |   1 |  278.0 |
      Ice Cave |    634 |    634 |      0 |     14 |    394 |   1 |  634.0 |
        Wizlab |    458 |    458 |      0 |     99 |     82 |   1 |  458.0 |
               +--------+--------+--------+--------+--------+-----+--------+

Top non-repeatable levels by time:
     D:8: 1679 daAuts
    D:10: 1499 daAuts
   Zot:5: 1485 daAuts
    D:11: 1395 daAuts
 Crypt:3: 1346 daAuts
   Orc:2: 1340 daAuts
Vaults:5: 1312 daAuts
Vaults:2: 1293 daAuts
  Lair:5: 1274 daAuts
   Zot:1: 1269 daAuts
     D:7: 1265 daAuts
     D:9: 1259 daAuts
     D:1: 1239 daAuts
Depths:2: 1184 daAuts
   Elf:3: 1182 daAuts
